 Dungeon Crawl Stone Soup version 0.30.1-4-g462c640d31 (webtiles) character file.

Game seed: 5155333255237749247

5 Logoto the Firebug (level 1, 0/14 HPs)
             Began as a Hill Orc Fire Elementalist on Aug 30, 2023.
             Slain by a quokka (3 damage)
             ... on level 1 of the Dungeon.
             The game lasted 00:01:18 (154 turns).

Logoto the Firebug (Hill Orc Fire Elementalist)      Turns: 154, Time: 00:01:18

Health: 0/14       AC:  2    Str: 10    XL:     1   Next: 80%
Magic:  1/3        EV: 12    Int: 15    God:
Gold:   8          SH:  0    Dex: 11    Spells: 2/3 levels left

rFire   . . .        c - +0 whip
rCold   . . .        (no shield)
rNeg    . . .        a - +0 robe
rPois   .            (no helmet)
rElec   .            (no cloak)
rCorr   .            (no gloves)
SInv    .            (no boots)
Will    .....        (no amulet)
Stlth   ++           (no ring)
HPRegen 0.22/turn    (no ring)
MPRegen 0.08/turn

%: no passive effects
@: no status effects
A: no striking features
a: no special abilities


You were on level 1 of the Dungeon.
You visited 1 branch of the dungeon, and saw 1 of its levels.

You collected 8 gold pieces.

Inventory:

Hand Weapons
 c - a +0 whip (weapon)
Armour
 a - a +0 robe (worn)
Scrolls
 d - 2 scrolls of identify {unknown}
Potions
 b - a potion of magic


   Skills:
 + Level 1.7 Dodging
 + Level 1.5 Stealth
 + Level 1.8 Spellcasting
 + Level 1.0 Conjurations
 + Level 3.4 Fire Magic


You had 2 spell levels left.
You knew the following spells:

 Your Spells              Type           Power      Damage    Failure   Level
a - Foxfire               Conj/Fire      28%        2x1d5     10%         1

Your spell library contained the following spells:

 Spells                   Type           Power      Damage    Failure   Level
 Scorch                   Fire           22%        2d6       9%          2
 Inner Flame              Hex/Fire       6%         N/A       34%         3
 Volatile Blastmotes      Fire/Tloc      12%        2d11      34%         3
 Flame Wave               Conj/Fire      7%         2d5       67%         4


Dungeon Overview and Level Annotations

Branches:
Dungeon (1/15)

Altars:

Shops:
D:1 !


Message History

You hit the quokka but do no damage.
The quokka is heavily wounded.
The quokka barely misses you.
You hit the quokka but do no damage.
The quokka is heavily wounded.
The quokka barely misses you.
You miss the quokka.
The quokka is moderately wounded.
The quokka closely misses you. The quokka bites you.
You closely miss the quokka.
The quokka is moderately wounded.
The quokka barely misses you.
You closely miss the quokka.
The quokka is moderately wounded.
The quokka barely misses you. The quokka attacks as you move away!
The quokka barely misses you. x2
The quokka attacks as you move away!
The quokka bites you but does no damage.
The quokka bites you but does no damage.
The quokka attacks as you move away! The quokka bites you.
The quokka attacks as you move away! The quokka misses you.
The quokka attacks as you move away! The quokka bites you.
* * * LOW HITPOINT WARNING * * *
The quokka closely misses you.
You are too injured to fight recklessly!
You are too injured to fight recklessly!
Casting: Foxfire (safe; 10% risk of failure)
Confirm with . or Enter, or press ? or * to list all spells.
You conjure some foxfire!
The quokka barely misses you.
Your foxfire dissipates!
The foxfire hits the quokka.
The quokka is heavily wounded.
You hit the quokka but do no damage.
The quokka is heavily wounded.
The quokka bites you.
* * * LOW HITPOINT WARNING * * *
You closely miss the quokka.
The quokka is heavily wounded.
The quokka closely misses you. The quokka bites you.
You die...

#...# #..~~~..# #...###
##..~∩~..# #.....####
##...≈≈~..#
#...#....#######........##
#..............#..####.##
#...#########.....)......
#...# #........######
#...# #.####.#...# #...#
#@# #.###.# ##### ######r#
#.# .# #.....r# ..# #
#.###### ### #.# #r# ##.#
##..# ##..##


You could see a quokka and a rat.

Vanquished Creatures
  2 endoplasms (D:1)
  A hobgoblin (D:1)
  A kobold (D:1)
4 creatures vanquished.

Vanquished Creatures (others)
  12 foxfires (D:1)
12 creatures vanquished.

Grand Total: 16 creatures vanquished

Notes
Turn   | Place    | Note
-------+----------+-------------------------------------------
     0 | D:1      | Logoto the Hill Orc Fire Elementalist began the quest for
                  | the Orb.
     0 | D:1      | Reached XP level 1. HP: 14/14 MP: 3/3
     6 | D:1      | Found Valaexomm's Distillery.
   154 | D:1      | Slain by a quokka

Illustrated notes

Levels and vault maps discovered:
D:1:      dpeg_arrival_pits, layout_rooms, serial_shops,
          nicolae_shop_industrial_runoff, st_stairs_1, minmay_pentomino_o2

Action                     || total
---------------------------++-------
  Melee: Whip              ||    12
         Unarmed           ||     3
         Punch             ||     1
   Cast: Foxfire           ||     7
 Armour: Robe              ||     4
  Dodge: Dodged            ||    22
